 Dungeon Crawl Stone Soup version 0.27-a0-417-g317cea8a3c (webtiles) character file.

Game seed: 15799631684626984928

94 sanka the Vexing (level 4, 0/30 HPs)
             Began as a Vampire Enchanter on Feb 25, 2021.
             Slain by Ijyb (3 damage)
             ... on level 3 of the Dungeon.
             The game lasted 00:04:57 (2543 turns).

sanka the Vexing (Vampire Enchanter)                Turns: 2543, Time: 00:04:57

Health: 0/30       AC:  3    Str:  7    XL:     4   Next: 38%
Magic:  1/7        EV: 14    Int: 17    God:
Gold:   143        SH:  0    Dex: 15    Spells: 1/7 levels left

rFire    . . .     SeeInvis +   a - +1 dagger
rCold    . . .     Faith    .   (no shield)
rNeg     . . .     Spirit   .   b - +0 robe
rPois    .         Reflect  .   p - +0 helmet
rElec    .         Harm     .   (no cloak)
rCorr    .         Rampage  .   (no gloves)
Will     .....                  (no boots)
Stlth    +++.......             (no amulet)
HPRegen  0.30/turn              (no ring)
MPRegen  0.10/turn              (no ring)

@: lethally poisoned (0 -> 0), regenerating quickly
A: fangs 3, see invisible, unbreathing
a: Exsanguinate


You were on level 3 of the Dungeon.
You visited 1 branch of the dungeon, and saw 3 of its levels.

You collected 143 gold pieces.


Innate Abilities, Weirdness & Mutations

Your natural rate of healing is unusually fast.
You have razor-sharp teeth.
You have supernaturally acute eyesight. (SInv)
You can survive without breathing.


   Skills:
 - Level 1.1 Short Blades
 - Level 3.6 Dodging
 - Level 4.4 Stealth
 - Level 2.0 Spellcasting
 + Level 6.5 Hexes


You had one spell level left.
You knew the following spells:

 Your Spells              Type           Power        Failure   Level
x - Ensorcelled Hibernat  Hex/Ice        24%          8%          2
z - Confusing Touch       Hex            24%          4%          3
Z - Corona                Hex            26%          1%          1

Your spell library contained the following spells:

 Spells                   Type           Power        Failure   Level
 Tukima's Dance           Hex            24%          4%          3
 Dazzling Flash           Conj/Hex       24%          16%         3

Inventory:

Hand Weapons
 a - a +1 dagger (weapon)
 o - a +0 quarterstaff
Armour
 b - a +0 robe (worn)
 p - a +0 helmet (worn)
Jewellery
 m - a ring of fire
 q - an amulet of reflection
Scrolls
 c - a scroll of random uselessness {unknown}
 d - 8 scrolls of identify {unknown}
 h - a scroll of enchant armour {unknown}
 i - a scroll of amnesia {unknown}
 k - 5 scrolls of teleportation {unknown}
 r - a scroll of enchant weapon {unknown}
Potions
 e - a potion of curing {unknown}
 f - a potion of invisibility {unknown}
 g - a potion of magic {unknown}
 j - a potion of flight {unknown}
 l - a potion of degeneration {unknown}
 n - a potion of ambrosia {unknown}

Dungeon Overview and Level Annotations

Branches:
Dungeon (3/15)

Altars:
Kikubaaqudgha
Trog
The Shining One

Annotations:
D:3 Blork the orc, Ijyb

▒._8......▒
▒.._......▒
▒.........▒ ▒▒
▒▒▒▒......▒▒▒▒▒
...▒▒▒▒▒..........▒▒▒▒
.................>...▒
...▒▒.▒▒.......S.!▒▒.▒
. ▒.▒▒▒▒▒▒▒▒'▒g▒▒ ▒.▒
▒.▒V▒ ▒.▒
▒............▒ ▒.▒
▒.▒▒..▒▒▒▒...▒ ▒.▒
▒▒▒...... .. ▒.▒▒.▒
........ ▒.▒▒.▒.
▒...▒▒▒▒▒▒▒▒
▒▒.▒▒.▒.▒▒▒.<.8.8.8.8.
▒▒.▒▒.▒....▒....g.....
▒▒.▒▒.▒▒...g..g.g....!


You could see Ijyb (confused) and an adder (confused).


Message History

The adder barely misses you.
Ijyb zaps a wand.
The puff of flame hits you.
* * * LOW HITPOINT WARNING * * *
You feel sick. The adder misses you.
There is an open door here.
You feel sick.
Your hands begin to glow red.
The adder bites you.
* * * LOW HITPOINT WARNING * * *
The adder misses you.
Unknown command.
Unknown command.
You hit the adder but do no damage.
The adder appears confused.
You feel sick.
Your hands begin to glow red.
Unknown command.
You closely miss Ijyb.
Ijyb is heavily wounded.
The adder closely misses Ijyb.
The adder bites itself.
Ijyb hits you but does no damage.
You hit Ijyb but do no damage.
Ijyb appears confused.
Ijyb is heavily wounded.
You feel sick. Ijyb hits you.
You die...

Action                   |  1- 3 |  4- 6 || total
-------------------------+-------+-------++-------
Melee: Dagger            |   158 |    84 ||   242
       Bite              |     6 |     8 ||    14
 Cast: Ensorcelled Hiber |    10 |       ||    10
       Confusing Touch   |     1 |     5 ||     6
 Stab: Sleeping          |    21 |     2 ||    23
       Distracted        |     1 |       ||     1
       Confused          |     1 |     3 ||     4
Armor: Robe              |    31 |    12 ||    43
Dodge: Dodged            |    87 |    70 ||   157

Levels and vault maps discovered:
D:1:      lightli_arrival_isolated_outpost, layout_loops_ring, kennysheep_boxes
D:2:      layout_loops_ring, columned_hall_lemuel, moated_statue,
          kennysheep_another_room, minmay_hexomino_p4
D:3:      kennysheep_the_goblin_king, layout_basic,
          chequers_temple_overflow_statue_of_worship, tgw_sif,
          minmay_lizard_king, uniq_robin

Notes
Turn   | Place    | Note
-------+----------+-------------------------------------------
     0 | D:1      | sanka the Vampire Enchanter began the quest for the Orb.
     0 | D:1      | Reached XP level 1. HP: 13/13 MP: 3/3
   244 | D:1      | Reached skill level 3 in Dodging
   271 | D:1      | Reached XP level 2. HP: 19/19 MP: 5/5
   276 | D:1      | Learned a level 2 spell: Ensorcelled Hibernation
   843 | D:2      | Reached skill level 5 in Hexes
  1011 | D:2      | Reached XP level 3. HP: 14/24 MP: 1/6
  1857 | D:3      | Learned a level 3 spell: Confusing Touch
  1857 | D:3      | Noticed Robin
  1877 | D:2      | Reached skill level 6 in Hexes
  1905 | D:2      | Killed Robin
  2038 | D:3      | Reached XP level 4. HP: 30/30 MP: 7/7
  2202 | D:3      | Noticed Ijyb
  2447 | D:3      | Noticed Blork the orc
  2513 | D:3      | Found an ancient bone altar of Kikubaaqudgha.
  2513 | D:3      | Found a bloodstained altar of Trog.
  2513 | D:3      | Found a glowing golden altar of the Shining One.
  2540 | D:3      | HP: 3/30 [poisoned by an adder]
  2543 | D:3      | Slain by Ijyb

Vanquished Creatures
  Robin (D:2)
  An adder (D:3)
  A worm (D:2)
  2 dart slugs
  3 leopard geckos
  3 giant cockroaches
  12 goblins
  9 hobgoblins
  5 kobolds
  3 ball pythons
  6 bats
  10 frilled lizards
  8 rats
64 creatures vanquished.

Vanquished Creatures (others)
  8 plants (D:3)
8 creatures vanquished.

Grand Total: 72 creatures vanquished
